 Dungeon Crawl Stone Soup version 0.29.1-1-gd02db6906a (webtiles) character file.

Game seed: 2278933382309310065

2368 raistware the Destroyer (level 9, -5/53 HPs)
             Began as an Octopode Conjurer on Oct 18, 2022.
             Was a Follower of Vehumet.
             Slain by a five-headed hydra (17 damage)
             ... on level 8 of the Dungeon.
             The game lasted 00:16:09 (8067 turns).

raistware the Destroyer (Octopode Conjurer)         Turns: 8067, Time: 00:16:12

Health: -5/53      AC:  1    Str:  7    XL:     9   Next: 44%
Magic:  2/17       EV: 13    Int: 24    God:    Vehumet [*.....]
Gold:   320        SH:  0    Dex: 10    Spells: 14/19 levels left

rFire   . . .      SeeInvis +   i - +10 hand axe of Undoing {protect, rPois rN+}
rCold   . . .      Faith    .   (no shield)
rNeg    + . .      Spirit   .   (helmet restricted)
rPois   +          Reflect  .   (no amulet)
rElec   .          Harm     .   l - ring of see invisible
rCorr   .          Rampage  .   (no ring)
Will    .....                   (no ring)
Stlth   +++.......              (no ring)
HPRegen 0.17/turn               (no ring)
MPRegen 0.15/turn               (no ring)
                                (no ring)
                                (no ring)

@: very slightly contaminated
A: almost no armour, amphibious, 8 rings, camouflage 1, gelatinous body 1,
(nimble swimmer 1), tentacles
a: Renounce Religion


You were on level 8 of the Dungeon.
You worshipped Vehumet.
Vehumet was aware of your devotion.
You visited 2 branches of the dungeon, and saw 8 of its levels.

You collected 320 gold pieces.

Inventory:

Hand Weapons
 i - the +10 hand axe of Undoing (weapon) {protect, rPois rN+}
   (You found it on level 3 of the Dungeon)

   It grants its wielder temporary protection when it strikes (+7 to AC).
   rPois:     It protects you from poison.
   rN:        It protects you from negative energy.
 q - the +6 hammer of Grontol {holy, rElec rF- rCorr Str+5}
   (You found it on level 2 of the Dungeon)

   It has been blessed by the Shining One to cause great damage to the undead
   and demons.
   Str:       It affects your strength (+5).
   rF:        It makes you vulnerable to fire.
   rElec:     It insulates you from electricity.
   rCorr:     It protects you from acid and corrosion.
Magical Staves
 f - a staff of air
Jewellery
 l - a ring of see invisible (left tentacle)
Wands
 o - a wand of flame (17)
Scrolls
 a - a scroll of blinking {unknown}
 b - 6 scrolls of identify
 c - 4 scrolls of teleportation {unknown}
 d - 4 scrolls of enchant armour {unknown}
 g - 3 scrolls of summoning {unknown}
 j - a scroll of torment {unknown}
 m - 2 scrolls of noise
 r - a scroll of enchant weapon {unknown}
 s - a scroll of brand weapon {unknown}
Potions
 e - 2 potions of curing
 h - a potion of attraction {unknown}
 k - 2 potions of degeneration {unknown}
 n - a potion of mutation {unknown}
 p - a potion of lignification {unknown}


   Skills:
 - Level 1.0 Fighting
 - Level 2.0 Staves
 + Level 3.3 Dodging
 - Level 4.0 Stealth
 * Level 5.7 Spellcasting
 + Level 10.3 Conjurations
 - Level 2.0 Translocations
 - Level 2.0 Evocations


You had 14 spell levels left.
You knew the following spells:

 Your Spells              Type           Power      Damage    Failure   Level
a - Magic Dart            Conj           100%       1d8       1%          1
b - Iskenderun's Mystic   Conj/Tloc      36%        2d9       6%          4

Your spell library contained the following spells:

 Spells                   Type           Power      Damage    Failure   Level
 Shock                    Conj/Air       100%       1d9       1%          1
 Foxfire                  Conj/Fire      100%       2x1d9     1%          1
 Searing Ray              Conj           100%       2d8       1%          2
 Conjure Flame            Conj/Fire      31%        6-21      3%          3
 Dazzling Flash           Conj/Hex       62%        N/A       3%          3
 Flame Wave               Conj/Fire      31%        2d9       10%         4
 Fulminant Prism          Conj/Hex       15%        3d11      10%         4
 Sublimation of Blood     Necr           6%         N/A       12%         2
 Wereblood                Tmut           6%         N/A       12%         2
 Inner Flame              Hex/Fire       6%         N/A       24%         3
 Cause Fear               Hex            3%         N/A       63%         4
 Summon Hydra             Summ           3%         N/A       100%        7
 Discord                  Hex            3%         N/A       100%        8


Dungeon Overview and Level Annotations

Branches:
Dungeon (6/15)             Temple (1/1) D:4

Altars:
Ashenzari
Cheibriados
Dithmenos
Elyvilon
Fedhas
Gozag
Hepliaklqana
Kikubaaqudgha
Makhleb
Nemelex Xobeh
Qazlal
Sif Muna
Uskayaw
Vehumet
Wu Jian
Xom
Yredelemnul
Zin
The Shining One

Annotations:
D:4 Dowan, Duvessa


Innate Abilities, Weirdness & Mutations

You cannot wear most types of armour.
You are amphibious.
You can wear up to eight rings at the same time.
Your skin changes colour to match your surroundings (Stealth+).
Your rubbery body absorbs attacks. (AC +1, EV +1)
((You are camouflaged when in or above water. (Stealth+)))
You have tentacles for arms and can constrict up to eight enemies at once.


Message History

The mystic blast hits the four-headed hydra!
The four-headed hydra is heavily wounded.
The four-headed hydra bites you. The four-headed hydra bites you!
The four-headed hydra bites you.
The four-headed hydra closely misses you.
Unknown command.
You are too injured to fight recklessly!
You chop one of the four-headed hydra's heads off!
The three-headed hydra grows two more!
You hit the five-headed hydra.
Your weapon exudes an aura of protection.
You squeeze the five-headed hydra.
The five-headed hydra is heavily wounded.
The five-headed hydra barely misses you.
The five-headed hydra bites you but does no damage. x2
The five-headed hydra bites you. x2
Unknown command.
Unknown command.
Casting: Iskenderun's Mystic Blast (dangerous; 6% risk of failure)
Confirm with . or Enter, or press ? or * to list all spells.
You erupt in a blast of force!
The mystic blast hits the ice beast.
The ice beast is moderately wounded.
The ice beast is knocked back by the mystic blast.
The ice beast slams into the rock wall!
The mystic blast hits the five-headed hydra!
The five-headed hydra is heavily wounded.
The five-headed hydra is knocked back by the mystic blast.
Unknown command.
Unknown command.
Unknown command.
It was a potion of curing.
You feel better.
The ice beast hits you but does no damage.
As you read the scroll labelled FUHEAW ZA QYG, it crumbles to dust.
It is a scroll of identify.
m - 2 scrolls of noise The ice beast barely misses you.
The five-headed hydra bites you. The five-headed hydra misses you.
The five-headed hydra bites you! The five-headed hydra bites you.
* * * LOW HITPOINT WARNING * * *
The five-headed hydra bites you!
You die...

###.###....>Y......
#.........#.......$
###.......###........
##.......#####..(...$.
##........## #..#......
#..........###..#......
##..........##...#.....#
#..............Y##....##
...............D@#
######...........#
#...##.......#
##..####......######
##..######..........####
###.......###............###
..........# ##.............#
..........# #.............#
.########## ##...........##


You could see a five-headed hydra and an ice beast.

Vanquished Creatures
  A wyvern (D:8)
  3 water moccasins (D:6)
  An ice beast (D:5)
  An orc warrior (D:6)
  A black bear (D:6)
  5 ogres
  A centaur (D:5)
  2 phantoms
  4 scorpions
  4 orc priests
  2 hounds (D:5)
  2 jellies
  Crazy Yiuf (D:2)
  4 iguanas
  Natasha (thrice) (D:4)
  5 orc wizards (D:6)
  8 adders
  A worm (D:3)
  2 dart slugs
  16 orcs
  6 ball pythons
  6 bats
  8 endoplasms
  4 giant cockroaches
  14 goblins
  8 hobgoblins
  11 kobolds
  3 quokkas
  A frilled lizard (D:1)
  6 rats
134 creatures vanquished.

Vanquished Creatures (others)
  An orc wizard (D:6)
  2 fungi (D:1)
  A plant (D:1)
4 creatures vanquished.

Grand Total: 138 creatures vanquished

Notes
Turn   | Place    | Note
-------+----------+-------------------------------------------
     0 | D:1      | raistware the Octopode Conjurer began the quest for the
                  | Orb.
     0 | D:1      | Reached XP level 1. HP: 11/11 MP: 3/3
   171 | D:1      | Reached XP level 2. HP: 17/17 MP: 3/5
   664 | D:1      | Reached XP level 3. HP: 21/21 MP: 5/7
  1111 | D:1      | Found a faded altar of an unknown god.
  1309 | D:2      | Found a shadowy altar of Dithmenos.
  1554 | D:2      | Found a runed translucent door.
  1573 | D:2      | Noticed Crazy Yiuf
  2229 | D:2      | Reached XP level 4. HP: 21/27 MP: 5/10
  2234 | D:2      | Learned a level 4 spell: Iskenderun's Mystic Blast
  2709 | D:3      | Identified the +10 hand axe of Undoing {protect, rPois rN+}
  3018 | D:3      | Found a blossoming altar of Fedhas.
  3204 | D:3      | Found a glowing golden altar of the Shining One.
  3206 | D:3      | Found a white marble altar of Elyvilon.
  3207 | D:3      | Found a glowing silver altar of Zin.
  3332 | D:4      | Noticed a scorpion
  3558 | D:4      | Killed a scorpion
  3559 | D:4      | Reached skill level 1 in Translocations
  3559 | D:4      | Reached XP level 5. HP: 29/31 MP: 1/11
  3651 | D:4      | Noticed a phantom
  3657 | D:4      | Killed a phantom
  3658 | D:4      | Reached skill level 5 in Conjurations
  3658 | D:4      | Reached XP level 6. HP: 36/36 MP: 5/12
  3721 | D:4      | Found an opulent altar of Gozag.
  3750 | D:4      | Reached skill level 6 in Conjurations
  4036 | D:4      | Noticed Natasha
  4041 | D:4      | Killed Natasha
  4198 | D:4      | Found a staircase to the Ecumenical Temple.
  4212 | Temple   | Entered the Ecumenical Temple
  4244 | Temple   | Became a worshipper of Vehumet
  4278 | D:4      | Noticed Natasha
  4283 | D:4      | Killed Natasha
  4358 | D:4      | Noticed Natasha
  4364 | D:4      | Killed Natasha
  4600 | D:4      | Noticed Duvessa
  4600 | D:4      | Noticed Dowan
  4743 | D:4      | Found a shimmering altar of Xom.
  4798 | D:4      | Found a shimmering blue altar of Sif Muna.
  4799 | D:4      | Found a sparkling altar of Nemelex Xobeh.
  4962 | D:2      | Killed Crazy Yiuf
  4963 | D:2      | Reached XP level 7. HP: 41/41 MP: 2/13
  4966 | D:2      | Identified the +6 hammer of Grontol {holy, rElec rF- rCorr
                  | Str+5}
  5114 | D:5      | Entered Level 5 of the Dungeon
  5145 | D:5      | Reached skill level 7 in Conjurations
  5607 | D:5      | Reached skill level 8 in Conjurations
  5702 | D:5      | Reached skill level 1 in Evocations
  5702 | D:5      | Reached XP level 8. HP: 46/46 MP: 7/14
  6248 | D:5      | Reached skill level 5 in Spellcasting
  6397 | D:5      | Reached skill level 9 in Conjurations
  6694 | D:5      | Found an ornate altar of the Wu Jian Council.
  6792 | D:6      | Reached skill level 1 in Staves
  6795 | D:6      | Reached * piety under Vehumet
  6795 | D:6      | Offered knowledge of Shock by Vehumet.
  7056 | D:6      | Reached skill level 10 in Conjurations
  7058 | D:6      | Reached XP level 9. HP: 14/51 MP: 10/16
  7297 | D:6      | Reached skill level 1 in Fighting
  7871 | D:6      | You fall into a shaft and drop 2 floors!
  7950 | D:8      | Noticed a four-headed hydra
  8067 | D:8      | Slain by a five-headed hydra

Illustrated notes

Levels and vault maps discovered:
D:1:      tarquinn_simple_flora_water_d, layout_basic,
          dreamdust_ecumenical_altar_angels_and_demons
D:2:      layout_loops_ring, basic_altar, uniq_crazy_yiuf_cottage
D:3:      layout_rooms, good_gods_temple_1, fedhas_altar_2
D:4:      layout_rooms, grunt_gozag_statues, lemuel_coloured_pillars_altar,
          gammafunk_temple_overflow_pools, minmay_temple_entry_stoned_glass,
          serial_curves, eino_curves_02, eino_curves_03, eino_curves_04,
          uniq_natasha, uniq_duvessa
D:5:      cheibrodos_helix_gallery, layout_loops_ring, nzn_wu_jian_council_hall
D:6:      layout_cave_pools
D:8:      nzn_winding_woodlands_stair_cross
          [nzn_winding_woodlands_5x15_river_crossing,
          nzn_winding_woodlands_center_triple_pond,
          nzn_winding_woodlands_5x15_eye, nzn_winding_woodlands_5x5_closed_star,
          nzn_winding_woodlands_5x5_three, nzn_winding_woodlands_5x15_garden,
          nzn_winding_woodlands_center_diamonds,
          nzn_winding_woodlands_5x15_sawtooth], layout_cave_pods,
          overflow_temple_1_default, minmay_evil_grid
Temple:   hellmonk_temple_rainy

Skill      XL: |  1  2  3  4  5  6  7  8  9 |
---------------+----------------------------+-----
Spellcasting   | 3 4 5 |  5.7
Translocations | 1 2 |  2.0
Conjurations   | 5 6 8 10 | 10.3
Stealth        | 3 4 |  4.0
Evocations     | 1 2 |  2.0
Staves         | 1 2 |  2.0
Fighting       | 1 |  1.0
Dodging        | 3 |  3.3

Action                   |  1- 3 |  4- 6 |  7- 9 || total
-------------------------+-------+-------+-------++-------
Melee: Unarmed           |     2 |       |       ||     2
       Constrict         |     3 |     5 |     3 ||    11
       Staff             |     7 |       |       ||     7
       Tentacles         |     1 |     1 |     5 ||     7
       Hand axe          |       |    24 |    11 ||    35
       Mace              |       |       |    22 ||    22
 Cast: Magic Dart        |    77 |    92 |   139 ||   308
       Iskenderun's Myst |       |     1 |    20 ||    21
Evoke: Wand              |       |       |     5 ||     5
  Use: Potion            |       |       |     2 ||     2
       Scroll            |       |       |     1 ||     1
 Stab: Sleeping          |       |     1 |     2 ||     3
Armor: Skin              |     2 |     7 |    18 ||    27
Dodge: Dodged            |    14 |    24 |    53 ||    91
